 Dungeon Crawl Stone Soup version 0.28-a0-683-ga8797d1ae1 (webtiles) character file.

Game seed: 15749500022219086718

1017 lawman0 the Ruffian (level 8, -4/75 HPs)
             Began as a Troll Cinder Acolyte on Oct 18, 2021.
             Was a High Priest of Ignis.
             Succumbed to a killer bee's poison
             ... on level 6 of the Dungeon.
             The game lasted 00:04:47 (4313 turns).

lawman0 the Ruffian (Troll Cinder Acolyte)          Turns: 4313, Time: 00:04:48

Health: -4/75      AC:  4    Str: 22 (23) XL:     8   Next: 1%
Magic:  2/9        EV:  9    Int: 10 (12) God:    Ignis [*****.]
Gold:   194        SH:  0    Dex:  3 (5)  Spells: 4/10 levels left

rFire   + . .      SeeInvis .     - Unarmed
rCold   . . .      Faith    .   (no shield)
rNeg    . . .      Spirit   .   a - +0 robe
rPois   .          Reflect  .   (helmet restricted)
rElec   .          Harm     .   (no cloak)
rCorr   .          Rampage  .   (gloves unavailable)
Will    .....                   (boots unavailable)
Stlth   +.........              (no amulet)
HPRegen 1.22/turn               (no ring)
MPRegen 0.11/turn               (no ring)

@: lethally poisoned (-4 -> -19)
A: large, unfitting armour, claws 3, regeneration 1, shaggy fur 1, tough skin 1
a: Renounce Religion, Sea of Fire, Foxfire Swarm, Rising Flame


You were on level 6 of the Dungeon.
You worshipped Ignis.
Ignis was extremely pleased with you.
You visited 1 branch of the dungeon, and saw 6 of its levels.

You collected 194 gold pieces.

Inventory:

Missiles
 e - 27 poisoned darts
 y - 6 javelins (quivered)
Armour
 a - a +0 robe (worn)
Wands
 v - a wand of mindburst (18)
 w - a wand of flame (23)
Scrolls
 d - a scroll of silence
 f - a scroll of amnesia {unknown}
 g - a scroll of teleportation {unknown}
 i - 2 scrolls of brand weapon
 j - a scroll of noise {unknown}
 k - a scroll of torment {unknown}
 l - a scroll of enchant armour {unknown}
 n - a scroll of blinking {unknown}
 p - a scroll of identify {unknown}
 u - a scroll of summoning {unknown}
 x - 2 scrolls of magic mapping {unknown}
 A - a scroll of enchant weapon {unknown}
Potions
 b - 2 potions of cancellation {unknown}
 c - a potion of heal wounds {unknown}
 h - a potion of degeneration
 m - a potion of brilliance {unknown}
 o - a potion of might {unknown}
 q - a potion of haste {unknown}
 r - a potion of flight {unknown}
 s - a potion of resistance {unknown}
 t - a potion of curing {unknown}
 z - 2 potions of invisibility {unknown}


   Skills:
 + Level 3.0 Fighting
 + Level 2.4 Dodging
 + Level 0.2 Stealth
 * Level 7.0 Unarmed Combat
 + Level 1.8 Spellcasting
 * Level 0.9 Conjurations
 + Level 3.1 Fire Magic
 * Level 0.8 Air Magic
 * Level 1.5 Poison Magic


You had 4 spell levels left.
You knew the following spells:

 Your Spells              Type           Power      Damage    Failure   Level
a - Scorch                Fire           14%        2d6       13%         2
b - Mephitic Cloud        Conj/Pois/Air  3%         N/A       52%         3
c - Magic Dart            Conj           8%         1d3       22%         1

Your spell library contained the following spells:

 Spells                   Type           Power      Damage    Failure   Level
 Searing Ray              Conj           4%         2d4       32%         2
 Call Imp                 Summ           0%         N/A       43%         2
 Fulminant Prism          Conj/Hex       0%         3d6       95%         4


Dungeon Overview and Level Annotations

Branches:
Dungeon (6/15)
 Temple: D:4-7

Altars:

Annotations:
D:2 1 runed translucent door, Crazy Yiuf


Innate Abilities, Weirdness & Mutations

You are too large for most types of armour.
You have claws for hands.
Your natural rate of healing is unusually fast.
You are covered in fur. (AC +1)
You have tough skin. (AC +1)


Message History

The bullfrog skeleton is lightly damaged.
The bullfrog zombie hits you. The yak barely misses you.
Unknown command.
Unknown command.
Unknown command.
You miss the killer bee.
The killer bee is heavily wounded.
You feel very sick.
The foxfire hits the bullfrog zombie.
You destroy the bullfrog zombie!
The foxfire hits the yak.
The yak is lightly wounded.
The foxfire hits the yak.
The yak is lightly wounded.
The foxfire hits the killer bee but does no damage.
The killer bee is heavily wounded.
The foxfire hits the killer bee.
The killer bee is severely wounded.
The killer bee stings you but does no damage.
The killer bee barely misses you.
You have reached level 8!
You miss the killer bee.
The killer bee is severely wounded.
You feel very sick. The killer bee stings you.
You are more poisoned.
The killer bee poisons you! The yak gores you!
* * * LOW HITPOINT WARNING * * *
Unknown command.
* * * LOW HITPOINT WARNING * * *
You feel very sick. The killer bee stings you!
* * * LOW HITPOINT WARNING * * *
You are more poisoned.
The killer bee poisons you! The killer bee closely misses you.
The yak gores you but does no damage.
It was a potion of degeneration.
There was something very wrong with that liquid.
You feel weakened.
You feel dopey.
You feel clumsy.
You die...

#. #.. . #.#..
#.. . #...# ..
. #..#.# #.
..# . #..#..#
#.. ..# . #..#
#.#.# #.# .
#:..###[###..#
..
#.Y#.#.#.#..#
#.
##.#..###Y@# .
#.#...#.yZ# #.
#..#.#
#..###....#
#.. ##....#
##.....####
#.####......
#.##..#
...#.......
#....##
#.#.......
####.#
#......... #.#
#........ ##.#
###.......#


You could see a yak, a killer bee and a bullfrog skeleton.

Vanquished Creatures
  An ogre (D:2)
  A centaur (D:6)
  2 phantoms
  A scorpion (D:5)
  A water moccasin skeleton (D:5)
  A killer bee (D:6)
  A wight (D:5)
  3 hounds
  A bullfrog zombie (D:6)
  A gnoll shaman (D:4)
  A bullfrog skeleton (D:4)
  3 iguanas
  A howler monkey zombie (D:5)
  8 gnolls
  6 adders
  A white imp (D:5)
  2 adder zombies (D:5)
  3 worms
  3 dart slugs
  7 orcs
  9 endoplasms
  5 giant cockroaches
  5 goblins
  5 hobgoblins
  4 jackals
  4 quokkas
  9 ball pythons
  7 bats
  4 frilled lizards
  2 kobolds
  4 rats
106 creatures vanquished.

Vanquished Creatures (others)
  13 foxfires (D:6)
13 creatures vanquished.

Grand Total: 119 creatures vanquished

Notes
Turn   | Place    | Note
-------+----------+-------------------------------------------
     0 | D:1      | lawman0 the Troll Cinder Acolyte began the quest for the
                  | Orb.
     0 | D:1      | Reached XP level 1. HP: 22/22 MP: 1/1
    95 | D:1      | Reached XP level 2. HP: 28/29 MP: 2/2
   521 | D:1      | Reached XP level 3. HP: 31/36 MP: 3/3
   595 | D:1      | Learned a level 2 spell: Scorch
   734 | D:2      | Reached skill level 4 in Unarmed Combat
   947 | D:2      | Noticed an ogre
   955 | D:2      | Killed an ogre
   956 | D:2      | Reached skill level 1 in Dodging
   956 | D:2      | Reached XP level 4. HP: 44/44 MP: 1/4
   956 | D:2      | Reached XP level 5. HP: 50/50 MP: 1/5
  1272 | D:2      | Found a runed translucent door.
  1273 | D:2      | Noticed Crazy Yiuf
  1648 | D:3      | Reached skill level 5 in Unarmed Combat
  2440 | D:4      | Reached XP level 6. HP: 59/59 MP: 1/6
  2575 | D:4      | Reached skill level 6 in Unarmed Combat
  2628 | D:4      | Identified the +0 chain mail "Yrithuwne" {Int+5}
  3117 | D:5      | Entered Level 5 of the Dungeon
  3219 | D:5      | Learned a level 3 spell: Mephitic Cloud
  3221 | D:5      | Learned a level 1 spell: Magic Dart
  3281 | D:5      | Reached XP level 7. HP: 34/67 MP: 0/8
  3369 | D:5      | Reached skill level 1 in Poison Magic
  4292 | D:6      | Noticed a yak
  4296 | D:6      | Reached skill level 7 in Unarmed Combat
  4311 | D:6      | Reached XP level 8. HP: 26/75 MP: 2/9
  4312 | D:6      | HP: 1/75 [killer bee (8)]
  4313 | D:6      | Succumbed to a killer bee's poison

Illustrated notes

Levels and vault maps discovered:
D:1:      lightli_molten_gateway, layout_basic, minmay_misc_feat_cross,
          serial_bayou_lagoon_a
D:2:      layout_basic, uniq_crazy_yiuf_cottage
D:3:      layout_basic, chequers_jeans, glass_columns_a
D:4:      layout_loops_ring, kennysheep_generic_room_8
D:5:      layout_basic, roderic_filled_cross, minmay_fountain_box
D:6:      layout_rooms, kennysheep_mini, serial_shops, nicolae_lakefront_shop,
          hangedman_decor_opposing, minmay_manual_mail

Skill      XL: |  1  2  3  4  5  6  7 |
---------------+----------------------+-----
Unarmed Combat | 4 5 6 7 |  7.0
Dodging        | 1 2 |  2.4
Fighting       | 3 |  3.0
Fire Magic     | 3 |  3.1
Poison Magic   | 1 |  1.5
Stealth        | |  0.2
Spellcasting   | |  1.8
Conjurations   | |  0.9
Air Magic      | |  0.8

Action                   |  1- 3 |  4- 6 |  7- 9 || total
-------------------------+-------+-------+-------++-------
Melee: Unarmed           |   118 |   114 |    38 ||   270
       Punch             |     1 |     3 |     2 ||     6
Throw: Dart              |     1 |     1 |       ||     2
 Cast: Scorch            |     2 |    17 |    15 ||    34
Invok: Foxfire Swarm     |       |       |     2 ||     2
  Use: Scroll            |       |     2 |       ||     2
       Potion            |       |       |     1 ||     1
Armor: Robe              |    50 |    30 |    13 ||    93
Dodge: Dodged            |    45 |    39 |    30 ||   114

Table legend: (Time is in decaauts)
 A = Elapsed time spent in this place.
 B = Non-inter-level travel time spent in this place.
 C = Inter-level travel time spent in this place.
 D = Time resting spent in this place.
 E = Time spent auto-exploring this place.
 F = Levels seen in this place.
 G = Mean time per level.
                   A        B        C        D        E       F      G
               +--------+--------+--------+--------+--------+-----+--------+
         Total |   4294 |   4168 |    126 |    165 |   3332 |   6 |  715.7 |
       Dungeon |   4294 |   4168 |    126 |    165 |   3332 |   6 |  715.7 |
               +--------+--------+--------+--------+--------+-----+--------+

Top non-repeatable levels by time:
     D:4: 957 daAuts
     D:2: 908 daAuts
     D:5: 878 daAuts
     D:3: 624 daAuts
     D:1: 616 daAuts
     D:6: 309 daAuts
